[ AOE2 MATCH · #489481008 ]
UnrankedKhmer vs Persians
[ REPLAY ANALYSIS · EXTRACTED FROM THE RECORDED GAME ]
Feudal
10:15
Castle
13:20
Imperial
28:52
| APM avg | 34.8 |
| APM peak | 77 |
| eAPM avg | 26.2 |
| Villagers / military | 201 / 328 |
Focus
⚔️ 38.4% · 🌾 61.6%
Spearman ×160 · Battle Elephant ×148 · Trebuchet (Packed) ×12 · Mangonel ×5 · Petard ×2 · Knight ×1
Feudal
10:02
Castle
14:31
Imperial
30:09
| APM avg | 52.0 |
| APM peak | 103 |
| eAPM avg | 30.3 |
| Villagers / military | 166 / 228 |
Focus
⚔️ 31.8% · 🌾 68.2%
Hand Cannoneer ×105 · Knight ×96 · Archer ×14 · Monk ×5 · Scout Cavalry ×4 · Trebuchet (Packed) ×3
Feudal
10:10
Castle
14:32
Imperial
39:46
| APM avg | 25.8 |
| APM peak | 59 |
| eAPM avg | 15.6 |
| Villagers / military | 138 / 136 |
Focus
⚔️ 32.2% · 🌾 67.8%
Spearman ×92 · Militia ×19 · Monk ×13 · Bombard Cannon ×7 · Mangonel ×3 · Arambai ×1
Feudal
8:32
Castle
26:48
Imperial
33:42
| APM avg | 36.2 |
| APM peak | 83 |
| eAPM avg | 25.0 |
| Villagers / military | 159 / 355 |
Focus
⚔️ 43.8% · 🌾 56.2%
Spearman ×326 · Militia ×21 · Scout Cavalry ×7 · Battering Ram ×1
Feudal
9:41
Castle
21:05
Imperial
—
| APM avg | 39.4 |
| APM peak | 139 |
| eAPM avg | 25.4 |
| Villagers / military | 126 / 159 |
Focus
⚔️ 33.8% · 🌾 66.2%
Skirmisher ×145 · Scorpion ×10 · Iron Pagoda ×3 · Archer ×1
Feudal
11:02
Castle
16:57
Imperial
39:59
| APM avg | 47.2 |
| APM peak | 92 |
| eAPM avg | 21.4 |
| Villagers / military | 95 / 82 |
Focus
⚔️ 24.2% · 🌾 75.8%
Conquistador ×50 · Spearman ×20 · Petard ×4 · Militia ×4 · Missionary ×2 · Battering Ram ×2
Feudal
11:54
Castle
15:53
Imperial
33:30
| APM avg | 32.6 |
| APM peak | 67 |
| eAPM avg | 18.1 |
| Villagers / military | 101 / 316 |
Focus
⚔️ 34.3% · 🌾 65.7%
Scout Cavalry ×234 · Gbeto ×71 · Battering Ram ×6 · Camel Scout ×5
Feudal
10:19
Castle
15:34
Imperial
31:23
| APM avg | 35.7 |
| APM peak | 62 |
| eAPM avg | 24.8 |
| Villagers / military | 152 / 228 |
Focus
⚔️ 35.6% · 🌾 64.4%
Mangudai ×148 · Scout Cavalry ×36 · Battering Ram ×21 · Mangonel ×19 · Trebuchet (Packed) ×3 · Monk ×1
Match map
Initial resources + every placement click. Lines = walls · curves = elevation contours. ◆ gold · ⬟ stone · ● berries · ✦ relic · ◌ wall gap
Your base· ✓ Closed at 13:20 · 0t walls · 4 gate(s)
BiduZera_'s base· ✓ Closed at 14:31 · 0t walls · 2 gate(s)
CTM | chiwire's base· ✓ Closed at 14:32 · 10t walls · 2 gate(s)
[BY] Saimon845's base· ✓ Closed at 26:48 · 18t walls · 3 gate(s)
PSX | King's base· ✓ Closed at 21:05 · 0t walls · 3 gate(s)
kick/Chuberto's base· ✓ Closed at 16:57 · 37t walls · 2 gate(s)
SUNYQ's base· ✓ Closed at 15:53 · 0t walls · 2 gate(s)
Savmo's base· ✓ Closed at 15:34 · 0t walls · 3 gate(s)
Smoothed initial terrain · ◌ = detected wall gap · hover for details
Inputs per minute
— CTM | Que paso perrito? - - BiduZera_
Build order — CTM | Que paso perrito?
First 150 of 752 actions detected
| 0:02 | Create | Villager (Male) |
| 0:02 | Create | Villager (Male) |
| 0:03 | Create | Villager (Male) |
| 0:03 | Create | Villager (Male) |
| 0:06 | Build | House |
| 0:07 | Build | House |
| 1:35 | Create | Villager (Male) |
| 1:36 | Create | Villager (Male) |
| 1:52 | Create | Villager (Male) |
| 1:52 | Create | Villager (Male) |
| 2:28 | Create | Villager (Male) |
| 2:28 | Create | Villager (Male) |
| 2:55 | Create | Villager (Male) |
| 2:55 | Create | Villager (Male) |
| 3:29 | Create | Villager (Male) |
| 3:30 | Create | Villager (Male) |
| 3:40 | Build | House |
| 3:47 | Create | Villager (Male) |
| 3:47 | Create | Villager (Male) |
| 4:09 | Create | Villager (Male) |
| 4:30 | Create | Villager (Male) |
| 5:01 | Create | Villager (Male) |
| 5:01 | Create | Villager (Male) |
| 5:01 | Create | Villager (Male) |
| 5:02 | Create | Villager (Male) |
| 5:19 | Build | Mill |
| 5:23 | Create | Villager (Male) |
| 5:41 | Build | House |
| 6:01 | Create | Villager (Male) |
| 6:01 | Create | Villager (Male) |
| 6:02 | Create | Villager (Male) |
| 6:02 | Create | Villager (Male) |
| 6:02 | Create | Villager (Male) |
| 7:48 | Build | Farm |
| 7:51 | Build | Farm |
| 8:02 | Research | Feudal Age |
| 9:38 | Create | Villager (Male) |
| 10:15 | Age | Feudal Age |
| 10:32 | Research | Castle Age |
| 10:33 | Research | Castle Age |
| 11:27 | Build | Lumber Camp |
| 12:24 | Research | Double-Bit Axe |
| 12:29 | Research | Wheelbarrow |
| 13:20 | Age | Castle Age |
| 13:22 | Build | Town Center |
| 13:27 | Create | Villager (Male) |
| 13:53 | Build | Town Center |
| 14:24 | Create | Villager (Male) |
| 14:25 | Create | Villager (Male) |
| 14:25 | Create | Villager (Male) |
| 14:32 | Build | Farm |
| 14:43 | Build | House |
| 14:44 | Build | House |
| 14:56 | Build | Farm |
| 14:58 | Create | Villager (Male) |
| 15:05 | Build | Farm |
| 15:19 | Create | Villager (Male) |
| 15:20 | Build | Farm |
| 15:23 | Create | Villager (Male) |
| 15:23 | Create | Villager (Male) |
| 15:28 | Build | Farm |
| 15:30 | Build | Farm |
| 15:38 | Build | Farm |
| 15:49 | Create | Villager (Male) |
| 15:53 | Create | Villager (Male) |
| 15:53 | Create | Villager (Male) |
| 16:07 | Create | Villager (Male) |
| 16:08 | Create | Villager (Male) |
| 16:19 | Build | Farm |
| 16:19 | Build | Farm |
| 16:29 | Build | Farm |
| 16:31 | Research | Horse Collar |
| 16:32 | Research | Horse Collar |
| 16:38 | Build | Farm |
| 16:47 | Build | Farm |
| 16:49 | Create | Villager (Male) |
| 16:49 | Create | Villager (Male) |
| 16:59 | Create | Villager (Male) |
| 16:59 | Create | Villager (Male) |
| 17:09 | Create | Villager (Male) |
| 17:10 | Create | Villager (Male) |
| 17:19 | Build | Farm |
| 17:24 | Build | Farm |
| 17:25 | Create | Villager (Male) |
| 17:26 | Create | Villager (Male) |
| 17:29 | Build | Farm |
| 17:30 | Create | Villager (Male) |
| 17:30 | Create | Villager (Male) |
| 17:37 | Build | Farm |
| 17:41 | Build | Farm |
| 17:42 | Create | Villager (Male) |
| 17:46 | Create | Villager (Male) |
| 17:47 | Create | Villager (Male) |
| 17:54 | Create | Villager (Male) |
| 18:02 | Create | Villager (Male) |
| 18:02 | Create | Villager (Male) |
| 18:12 | Create | Villager (Male) |
| 18:13 | Create | Villager (Male) |
| 18:15 | Create | Villager (Male) |
| 18:16 | Create | Villager (Male) |
| 18:26 | Create | Villager (Male) |
| 18:26 | Create | Villager (Male) |
| 18:30 | Build | Farm |
| 18:32 | Create | Villager (Male) |
| 18:32 | Create | Villager (Male) |
| 18:38 | Build | Farm |
| 18:38 | Build | Farm |
| 18:38 | Build | Farm |
| 18:38 | Build | Farm |
| 18:39 | Build | Farm |
| 18:39 | Build | Farm |
| 18:40 | Build | Farm |
| 18:40 | Build | Farm |
| 18:42 | Create | Villager (Male) |
| 18:42 | Create | Villager (Male) |
| 18:44 | Create | Villager (Male) |
| 18:44 | Create | Villager (Male) |
| 18:50 | Create | Villager (Male) |
| 18:51 | Create | Villager (Male) |
| 19:00 | Build | House |
| 19:01 | Build | House |
| 19:05 | Build | House |
| 19:07 | Build | House |
| 19:12 | Create | Villager (Male) |
| 19:12 | Create | Villager (Male) |
| 19:13 | Create | Villager (Male) |
| 19:13 | Create | Villager (Male) |
| 19:17 | Create | Villager (Male) |
| 19:17 | Create | Villager (Male) |
| 19:27 | Create | Villager (Male) |
| 19:28 | Create | Villager (Male) |
| 19:29 | Create | Villager (Male) |
| 19:44 | Create | Villager (Male) |
| 19:44 | Create | Villager (Male) |
| 19:45 | Create | Villager (Male) |
| 19:48 | Create | Villager (Male) |
| 19:49 | Create | Villager (Male) |
| 20:04 | Build | Mining Camp |
| 20:06 | Create | Villager (Male) |
| 20:06 | Create | Villager (Male) |
| 20:07 | Create | Villager (Male) |
| 20:07 | Create | Villager (Male) |
| 20:12 | Build | House |
| 20:13 | Build | House |
| 20:14 | Build | House |
| 20:15 | Build | House |
| 20:17 | Build | House |
| 20:18 | Build | House |
| 20:23 | Create | Villager (Male) |
| 20:23 | Create | Villager (Male) |
Build order — BiduZera_
First 150 of 651 actions detected
| 0:00 | Create | Villager (Male) |
| 0:01 | Create | Villager (Male) |
| 0:03 | Build | House |
| 0:04 | Build | House |
| 0:46 | Create | Villager (Male) |
| 0:47 | Create | Villager (Male) |
| 0:47 | Create | Villager (Male) |
| 0:47 | Create | Villager (Male) |
| 1:26 | Create | Villager (Male) |
| 1:51 | Build | Lumber Camp |
| 2:17 | Create | Villager (Male) |
| 2:17 | Create | Villager (Male) |
| 2:18 | Create | Villager (Male) |
| 2:18 | Create | Villager (Male) |
| 2:38 | Create | Villager (Male) |
| 3:07 | Create | Villager (Male) |
| 3:20 | Build | House |
| 3:33 | Create | Villager (Male) |
| 3:33 | Create | Villager (Male) |
| 3:41 | Build | Mill |
| 3:53 | Create | Villager (Male) |
| 3:53 | Create | Villager (Male) |
| 3:53 | Create | Villager (Male) |
| 4:36 | Create | Villager (Male) |
| 4:57 | Build | House |
| 5:09 | Create | Villager (Male) |
| 5:28 | Create | Villager (Male) |
| 5:59 | Create | Villager (Male) |
| 6:00 | Create | Villager (Male) |
| 6:29 | Build | Farm |
| 6:41 | Create | Villager (Male) |
| 6:42 | Create | Villager (Male) |
| 6:53 | Build | Mill |
| 7:28 | Create | Villager (Male) |
| 7:41 | Build | Mining Camp |
| 7:50 | Build | Farm |
| 7:53 | Research | Feudal Age |
| 9:09 | Build | House |
| 9:56 | Create | Villager (Male) |
| 10:02 | Age | Feudal Age |
| 10:12 | Build | Blacksmith |
| 10:17 | Build | Market |
| 10:23 | Create | Villager (Male) |
| 10:44 | Create | Villager (Male) |
| 10:51 | Build | Farm |
| 10:53 | Build | Farm |
| 11:11 | Create | Villager (Male) |
| 11:16 | Build | Farm |
| 11:25 | Build | Farm |
| 11:45 | Build | Farm |
| 12:06 | Research | Castle Age |
| 12:06 | Research | Castle Age |
| 12:15 | Build | Farm |
| 12:18 | Build | Farm |
| 12:43 | Build | House |
| 12:49 | Research | Double-Bit Axe |
| 13:39 | Build | Barracks |
| 14:18 | Create | Villager (Male) |
| 14:31 | Age | Castle Age |
| 14:39 | Build | Stable |
| 14:50 | Create | Villager (Male) |
| 15:07 | Research | Bow Saw |
| 15:08 | Create | Villager (Male) |
| 15:34 | Create | Villager (Male) |
| 15:38 | Create | Knight |
| 15:42 | Build | House |
| 15:55 | Create | Villager (Male) |
| 16:00 | Create | Knight |
| 16:15 | Create | Villager (Male) |
| 16:29 | Build | Lumber Camp |
| 16:32 | Create | Knight |
| 16:43 | Create | Villager (Male) |
| 16:48 | Build | House |
| 16:58 | Create | Villager (Male) |
| 17:14 | Build | Farm |
| 17:18 | Create | Villager (Male) |
| 17:30 | Create | Villager (Male) |
| 17:57 | Build | Town Center |
| 18:06 | Create | Villager (Male) |
| 18:17 | Create | Villager (Male) |
| 18:24 | Build | House |
| 18:25 | Build | House |
| 18:31 | Research | Horse Collar |
| 18:32 | Research | Horse Collar |
| 18:34 | Create | Villager (Male) |
| 18:39 | Create | Knight |
| 18:54 | Create | Villager (Male) |
| 19:18 | Create | Villager (Male) |
| 19:21 | Build | Farm |
| 19:22 | Build | Farm |
| 19:24 | Build | Farm |
| 19:26 | Build | Farm |
| 19:37 | Build | Town Center |
| 19:37 | Create | Villager (Male) |
| 19:53 | Create | Villager (Male) |
| 19:53 | Create | Villager (Male) |
| 19:57 | Build | Farm |
| 20:04 | Build | Farm |
| 20:08 | Create | Villager (Male) |
| 20:22 | Create | Villager (Male) |
| 20:31 | Build | Farm |
| 20:35 | Create | Knight |
| 20:37 | Create | Villager (Male) |
| 20:38 | Create | Villager (Male) |
| 20:39 | Build | Farm |
| 20:44 | Build | Farm |
| 20:45 | Build | Farm |
| 20:46 | Build | Farm |
| 20:52 | Build | House |
| 20:52 | Build | House |
| 20:55 | Create | Villager (Male) |
| 20:55 | Create | Villager (Male) |
| 20:55 | Create | Villager (Male) |
| 21:00 | Build | Farm |
| 21:05 | Build | Farm |
| 21:18 | Create | Villager (Male) |
| 21:18 | Create | Villager (Male) |
| 21:33 | Create | Villager (Male) |
| 21:33 | Create | Villager (Male) |
| 21:46 | Build | Monastery |
| 21:48 | Create | Villager (Male) |
| 21:48 | Create | Villager (Male) |
| 22:01 | Build | House |
| 22:02 | Build | House |
| 22:04 | Create | Villager (Male) |
| 22:04 | Create | Villager (Male) |
| 22:25 | Create | Villager (Male) |
| 22:25 | Create | Villager (Male) |
| 22:29 | Build | Lumber Camp |
| 22:36 | Build | Farm |
| 22:36 | Create | Monk |
| 22:37 | Create | Villager (Male) |
| 22:37 | Create | Villager (Male) |
| 22:37 | Create | Villager (Male) |
| 22:50 | Build | Town Center |
| 22:57 | Research | Wheelbarrow |
| 22:57 | Create | Villager (Male) |
| 22:58 | Create | Villager (Male) |
| 22:58 | Create | Villager (Male) |
| 23:01 | Build | House |
| 23:07 | Build | House |
| 23:09 | Build | House |
| 23:11 | Create | Villager (Male) |
| 23:18 | Create | Monk |
| 23:22 | Build | Farm |
| 23:29 | Build | House |
| 23:30 | Build | House |
| 23:31 | Build | House |
| 23:44 | Create | Villager (Male) |
| 23:44 | Create | Villager (Male) |
Build order — CTM | chiwire
First 150 of 450 actions detected
| 0:02 | Build | House |
| 0:03 | Build | House |
| 0:04 | Create | Villager (Male) |
| 0:05 | Create | Villager (Male) |
| 0:05 | Create | Villager (Male) |
| 0:05 | Create | Villager (Male) |
| 1:30 | Create | Villager (Male) |
| 1:54 | Build | Lumber Camp |
| 1:58 | Create | Villager (Male) |
| 2:22 | Create | Villager (Male) |
| 2:49 | Create | Villager (Male) |
| 3:03 | Build | House |
| 3:05 | Build | House |
| 3:10 | Create | Villager (Male) |
| 3:24 | Create | Villager (Male) |
| 3:55 | Create | Villager (Male) |
| 4:05 | Create | Villager (Male) |
| 4:05 | Create | Villager (Male) |
| 4:46 | Create | Villager (Male) |
| 4:47 | Create | Villager (Male) |
| 5:18 | Build | Mill |
| 5:33 | Build | Mill |
| 5:38 | Create | Villager (Male) |
| 5:39 | Create | Villager (Male) |
| 6:30 | Create | Villager (Male) |
| 6:30 | Create | Villager (Male) |
| 6:45 | Research | Loom |
| 7:59 | Research | Feudal Age |
| 9:11 | Build | Palisade Wall |
| 10:10 | Age | Feudal Age |
| 10:22 | Build | Palisade Wall |
| 10:26 | Create | Villager (Male) |
| 10:26 | Create | Villager (Male) |
| 10:30 | Build | Market |
| 10:32 | Build | Blacksmith |
| 11:52 | Research | Castle Age |
| 12:02 | Build | Mining Camp |
| 14:32 | Age | Castle Age |
| 14:39 | Create | Villager (Male) |
| 14:39 | Create | Villager (Male) |
| 16:00 | Build | Castle |
| 16:13 | Build | Mining Camp |
| 16:21 | Create | Villager (Male) |
| 16:22 | Create | Villager (Male) |
| 17:05 | Build | Farm |
| 17:07 | Build | Farm |
| 17:10 | Build | Farm |
| 17:12 | Build | Farm |
| 17:15 | Build | Farm |
| 17:22 | Build | Farm |
| 17:25 | Create | Villager (Male) |
| 17:25 | Create | Villager (Male) |
| 17:31 | Build | Farm |
| 17:45 | Create | Arambai |
| 17:50 | Build | Monastery |
| 17:53 | Build | Monastery |
| 18:29 | Build | House |
| 18:34 | Create | Monk |
| 18:49 | Create | Villager (Male) |
| 18:49 | Create | Villager (Male) |
| 18:59 | Create | Monk |
| 19:42 | Create | Monk |
| 19:42 | Create | Monk |
| 20:28 | Create | Villager (Male) |
| 20:29 | Create | Villager (Male) |
| 20:38 | Create | Villager (Male) |
| 20:46 | Build | Siege Workshop |
| 21:08 | Create | Villager (Male) |
| 21:47 | Create | Villager (Male) |
| 21:47 | Create | Villager (Male) |
| 22:12 | Create | Villager (Male) |
| 22:16 | Build | Farm |
| 22:23 | Create | Mangonel |
| 22:23 | Create | Mangonel |
| 22:30 | Build | Farm |
| 23:06 | Create | Monk |
| 23:06 | Create | Monk |
| 23:22 | Create | Villager (Male) |
| 23:22 | Create | Villager (Male) |
| 23:59 | Create | Villager (Male) |
| 24:14 | Create | Mangonel |
| 24:32 | Research | Sanctity |
| 25:03 | Create | Villager (Male) |
| 25:26 | Create | Monk |
| 25:26 | Create | Monk |
| 25:38 | Create | Villager (Male) |
| 25:58 | Build | Town Center |
| 26:06 | Build | Farm |
| 26:08 | Create | Villager (Male) |
| 26:13 | Build | House |
| 26:14 | Build | House |
| 26:56 | Build | Farm |
| 26:57 | Build | Farm |
| 26:57 | Build | Farm |
| 26:57 | Build | Farm |
| 26:57 | Build | Farm |
| 26:58 | Build | Farm |
| 27:34 | Create | Villager (Male) |
| 27:34 | Create | Villager (Male) |
| 27:41 | Build | Farm |
| 27:41 | Build | Farm |
| 27:41 | Build | Farm |
| 27:41 | Build | Farm |
| 27:42 | Build | Farm |
| 27:42 | Build | Farm |
| 27:42 | Build | Farm |
| 28:06 | Build | Farm |
| 28:06 | Build | Farm |
| 28:30 | Build | Gate |
| 28:34 | Create | Villager (Male) |
| 28:35 | Create | Villager (Male) |
| 28:35 | Create | Villager (Male) |
| 28:39 | Build | Mining Camp |
| 28:48 | Create | Villager (Male) |
| 29:24 | Create | Villager (Male) |
| 29:24 | Create | Villager (Male) |
| 29:24 | Create | Villager (Male) |
| 29:32 | Build | Monastery |
| 29:33 | Build | Monastery |
| 29:36 | Create | Villager (Male) |
| 29:37 | Create | Villager (Male) |
| 29:46 | Build | Monastery |
| 29:53 | Create | Villager (Male) |
| 29:54 | Create | Villager (Male) |
| 29:54 | Create | Villager (Male) |
| 29:58 | Create | Monk |
| 29:58 | Create | Monk |
| 29:59 | Create | Monk |
| 30:21 | Research | Redemption |
| 30:22 | Create | Villager (Male) |
| 30:23 | Create | Villager (Male) |
| 30:30 | Build | House |
| 30:31 | Build | House |
| 30:32 | Build | House |
| 30:33 | Build | House |
| 30:34 | Build | House |
| 31:12 | Create | Monk |
| 31:12 | Create | Monk |
| 31:14 | Create | Villager (Male) |
| 31:14 | Create | Villager (Male) |
| 31:21 | Build | Town Center |
| 31:38 | Build | House |
| 31:39 | Build | House |
| 31:40 | Build | House |
| 31:41 | Build | House |
| 31:43 | Build | House |
| 32:03 | Create | Villager (Male) |
| 32:03 | Create | Villager (Male) |
| 32:03 | Create | Villager (Male) |
| 32:04 | Create | Villager (Male) |
Build order — [BY] Saimon845
First 150 of 736 actions detected
| 0:01 | Create | Villager (Male) |
| 0:02 | Create | Villager (Male) |
| 0:02 | Create | Villager (Male) |
| 0:02 | Create | Villager (Male) |
| 0:04 | Build | House |
| 0:05 | Build | House |
| 1:24 | Create | Villager (Male) |
| 1:54 | Build | Lumber Camp |
| 2:00 | Create | Villager (Male) |
| 2:15 | Create | Villager (Male) |
| 2:53 | Create | Villager (Male) |
| 3:02 | Build | House |
| 3:20 | Create | Villager (Male) |
| 3:41 | Create | Villager (Male) |
| 3:42 | Create | Villager (Male) |
| 4:08 | Create | Villager (Male) |
| 4:24 | Create | Villager (Male) |
| 4:55 | Create | Villager (Male) |
| 4:55 | Create | Villager (Male) |
| 5:31 | Build | Mining Camp |
| 5:47 | Create | Villager (Male) |
| 5:52 | Research | Loom |
| 6:22 | Research | Feudal Age |
| 7:26 | Build | House |
| 8:08 | Create | Villager (Male) |
| 8:09 | Create | Villager (Male) |
| 8:13 | Create | Villager (Male) |
| 8:32 | Age | Feudal Age |
| 8:44 | Build | Watch Tower |
| 8:53 | Build | House |
| 9:10 | Create | Villager (Male) |
| 9:13 | Research | Double-Bit Axe |
| 9:13 | Research | Double-Bit Axe |
| 9:57 | Create | Villager (Male) |
| 10:14 | Build | House |
| 11:00 | Create | Villager (Male) |
| 11:00 | Create | Villager (Male) |
| 11:07 | Build | Town Center |
| 11:09 | Create | Villager (Male) |
| 11:15 | Build | Mill |
| 12:18 | Create | Villager (Male) |
| 12:18 | Create | Villager (Male) |
| 12:44 | Create | Villager (Male) |
| 13:05 | Create | Villager (Male) |
| 13:33 | Create | Villager (Male) |
| 13:36 | Create | Villager (Male) |
| 13:47 | Build | Outpost |
| 14:18 | Build | Watch Tower |
| 14:32 | Create | Villager (Male) |
| 14:37 | Create | Villager (Male) |
| 14:37 | Create | Villager (Male) |
| 14:40 | Create | Villager (Male) |
| 14:54 | Build | House |
| 15:02 | Build | Farm |
| 15:19 | Build | Watch Tower |
| 15:26 | Create | Villager (Male) |
| 15:27 | Create | Villager (Male) |
| 15:27 | Create | Villager (Male) |
| 15:40 | Create | Villager (Male) |
| 15:47 | Create | Villager (Male) |
| 15:52 | Build | House |
| 15:53 | Build | House |
| 15:54 | Build | House |
| 16:32 | Create | Villager (Male) |
| 16:32 | Create | Villager (Male) |
| 16:32 | Create | Villager (Male) |
| 16:34 | Build | Farm |
| 16:38 | Build | Farm |
| 16:38 | Build | Farm |
| 16:40 | Build | Farm |
| 16:40 | Build | Farm |
| 16:40 | Build | Farm |
| 16:41 | Build | Farm |
| 16:41 | Build | Farm |
| 16:41 | Build | Farm |
| 16:42 | Build | Farm |
| 16:42 | Build | Farm |
| 16:47 | Create | Villager (Male) |
| 16:47 | Create | Villager (Male) |
| 16:58 | Build | Palisade Wall |
| 17:01 | Build | Palisade Wall |
| 17:01 | Build | Palisade Wall |
| 17:02 | Build | Palisade Wall |
| 17:02 | Build | Palisade Wall |
| 17:03 | Build | Palisade Wall |
| 17:05 | Build | Palisade Wall |
| 17:06 | Build | Palisade Wall |
| 17:09 | Build | Palisade Wall |
| 17:10 | Build | Palisade Wall |
| 17:10 | Build | Palisade Wall |
| 17:11 | Build | Palisade Wall |
| 17:12 | Build | Palisade Wall |
| 17:13 | Build | Palisade Wall |
| 17:16 | Create | Villager (Male) |
| 17:20 | Build | Farm |
| 17:26 | Build | Farm |
| 17:37 | Create | Villager (Male) |
| 17:37 | Create | Villager (Male) |
| 17:55 | Create | Villager (Male) |
| 18:00 | Build | Farm |
| 18:08 | Build | Farm |
| 18:20 | Create | Villager (Male) |
| 18:31 | Create | Villager (Male) |
| 18:40 | Create | Villager (Male) |
| 18:48 | Build | House |
| 18:49 | Build | House |
| 18:50 | Create | Villager (Male) |
| 18:55 | Build | House |
| 19:30 | Build | Watch Tower |
| 19:35 | Create | Villager (Male) |
| 19:35 | Create | Villager (Male) |
| 19:36 | Create | Villager (Male) |
| 19:38 | Build | Farm |
| 19:40 | Build | Farm |
| 19:43 | Build | Farm |
| 19:46 | Build | Farm |
| 19:47 | Create | Villager (Male) |
| 19:48 | Create | Villager (Male) |
| 19:51 | Build | House |
| 19:52 | Build | House |
| 19:53 | Build | House |
| 20:03 | Build | Blacksmith |
| 20:05 | Build | Palisade Wall |
| 20:06 | Build | Palisade Wall |
| 20:06 | Build | Palisade Wall |
| 20:07 | Build | Palisade Wall |
| 20:07 | Build | Palisade Wall |
| 20:11 | Build | Farm |
| 20:13 | Build | Farm |
| 20:15 | Create | Villager (Male) |
| 20:15 | Create | Villager (Male) |
| 20:28 | Build | Market |
| 20:43 | Create | Villager (Male) |
| 20:44 | Create | Villager (Male) |
| 20:46 | Build | Farm |
| 20:48 | Build | Farm |
| 20:52 | Create | Villager (Male) |
| 20:52 | Create | Villager (Male) |
| 20:57 | Build | Mining Camp |
| 20:58 | Create | Villager (Male) |
| 21:06 | Build | Farm |
| 21:07 | Build | Farm |
| 21:46 | Research | Fletching |
| 21:50 | Create | Villager (Male) |
| 21:50 | Create | Villager (Male) |
| 21:51 | Create | Villager (Male) |
| 21:52 | Build | Farm |
| 21:54 | Build | Farm |
| 21:56 | Build | Farm |
| 22:00 | Build | Farm |
Build order — PSX | King
First 150 of 351 actions detected
| 0:00 | Create | Villager (Male) |
| 0:00 | Create | Villager (Male) |
| 0:01 | Create | Villager (Male) |
| 0:02 | Build | House |
| 0:04 | Build | House |
| 0:08 | Create | Villager (Male) |
| 0:08 | Create | Villager (Male) |
| 1:14 | Create | Villager (Male) |
| 1:53 | Build | Lumber Camp |
| 1:59 | Create | Villager (Male) |
| 2:00 | Create | Villager (Male) |
| 2:00 | Create | Villager (Male) |
| 2:21 | Create | Villager (Male) |
| 2:22 | Create | Villager (Male) |
| 2:47 | Create | Villager (Male) |
| 3:08 | Build | House |
| 3:10 | Create | Villager (Male) |
| 3:37 | Create | Villager (Male) |
| 3:37 | Create | Villager (Male) |
| 4:24 | Create | Villager (Male) |
| 4:24 | Create | Villager (Male) |
| 4:47 | Create | Villager (Male) |
| 4:52 | Build | Mill |
| 5:09 | Create | Villager (Male) |
| 5:09 | Create | Villager (Male) |
| 5:23 | Create | Villager (Male) |
| 5:24 | Create | Villager (Male) |
| 5:49 | Create | Villager (Male) |
| 6:17 | Create | Villager (Male) |
| 6:41 | Research | Loom |
| 7:31 | Research | Feudal Age |
| 7:31 | Research | Feudal Age |
| 8:46 | Build | Mining Camp |
| 8:52 | Create | Villager (Male) |
| 8:53 | Build | House |
| 9:13 | Build | House |
| 9:41 | Age | Feudal Age |
| 9:43 | Build | Blacksmith |
| 9:45 | Build | House |
| 9:47 | Build | House |
| 9:49 | Research | Double-Bit Axe |
| 9:53 | Build | Watch Tower |
| 9:58 | Create | Villager (Male) |
| 10:09 | Build | Farm |
| 10:12 | Create | Villager (Male) |
| 10:36 | Create | Villager (Male) |
| 10:40 | Research | Fletching |
| 10:50 | Create | Villager (Male) |
| 11:02 | Create | Villager (Male) |
| 11:06 | Build | Farm |
| 11:45 | Build | Farm |
| 11:54 | Create | Villager (Male) |
| 11:59 | Build | Farm |
| 12:13 | Build | Watch Tower |
| 12:16 | Build | Watch Tower |
| 12:19 | Create | Villager (Male) |
| 12:38 | Build | Farm |
| 12:39 | Create | Villager (Male) |
| 12:53 | Build | Watch Tower |
| 12:54 | Create | Villager (Male) |
| 13:03 | Create | Villager (Male) |
| 13:19 | Build | Farm |
| 13:40 | Build | Farm |
| 13:52 | Create | Villager (Male) |
| 14:13 | Create | Villager (Male) |
| 14:15 | Build | Mining Camp |
| 14:32 | Build | Watch Tower |
| 14:40 | Create | Villager (Male) |
| 14:52 | Create | Villager (Male) |
| 14:56 | Build | House |
| 15:30 | Create | Villager (Male) |
| 16:10 | Create | Villager (Male) |
| 16:15 | Build | Market |
| 16:20 | Create | Villager (Male) |
| 17:09 | Create | Villager (Male) |
| 17:21 | Build | Farm |
| 17:22 | Build | Farm |
| 17:22 | Create | Villager (Male) |
| 17:40 | Build | House |
| 18:05 | Create | Villager (Male) |
| 18:25 | Research | Castle Age |
| 18:26 | Research | Castle Age |
| 18:29 | Build | Watch Tower |
| 18:54 | Create | Villager (Male) |
| 19:21 | Create | Villager (Male) |
| 19:47 | Build | Watch Tower |
| 19:58 | Research | Horse Collar |
| 19:58 | Research | Gold Mining |
| 20:12 | Create | Villager (Male) |
| 20:32 | Create | Villager (Male) |
| 20:45 | Build | Lumber Camp |
| 20:52 | Build | Watch Tower |
| 21:05 | Age | Castle Age |
| 21:07 | Build | University |
| 21:12 | Research | Bodkin Arrow |
| 21:13 | Research | Bodkin Arrow |
| 21:28 | Create | Villager (Male) |
| 21:38 | Build | Watch Tower |
| 22:00 | Build | Watch Tower |
| 22:01 | Create | Villager (Male) |
| 22:19 | Research | Treadmill Crane |
| 22:20 | Research | Treadmill Crane |
| 22:34 | Build | Watch Tower |
| 22:35 | Create | Villager (Male) |
| 22:36 | Build | Farm |
| 22:55 | Create | Villager (Male) |
| 23:14 | Research | Ballistics |
| 23:15 | Create | Villager (Male) |
| 23:59 | Build | Town Center |
| 24:15 | Create | Villager (Male) |
| 24:21 | Create | Villager (Male) |
| 24:39 | Build | Siege Workshop |
| 24:45 | Create | Villager (Male) |
| 24:50 | Build | Farm |
| 24:51 | Build | Farm |
| 24:58 | Create | Villager (Male) |
| 25:02 | Create | Villager (Male) |
| 25:03 | Create | Villager (Male) |
| 25:05 | Build | Farm |
| 25:06 | Build | Farm |
| 25:08 | Build | Farm |
| 25:14 | Build | Farm |
| 25:17 | Build | Farm |
| 25:20 | Build | Farm |
| 25:37 | Build | Barracks |
| 25:41 | Create | Villager (Male) |
| 25:41 | Create | Villager (Male) |
| 25:43 | Build | Farm |
| 25:51 | Create | Villager (Male) |
| 25:55 | Create | Scorpion |
| 25:56 | Create | Scorpion |
| 26:01 | Create | Villager (Male) |
| 26:01 | Create | Villager (Male) |
| 26:03 | Build | Farm |
| 26:15 | Create | Villager (Male) |
| 26:23 | Create | Scorpion |
| 26:30 | Build | House |
| 26:32 | Create | Villager (Male) |
| 26:32 | Create | Villager (Male) |
| 26:35 | Build | Farm |
| 26:39 | Create | Villager (Male) |
| 26:41 | Build | House |
| 26:44 | Build | House |
| 26:45 | Build | House |
| 26:56 | Create | Villager (Male) |
| 27:02 | Create | Scorpion |
| 27:04 | Create | Villager (Male) |
| 27:08 | Build | Farm |
| 27:08 | Build | Farm |
| 27:10 | Create | Villager (Male) |
Build order — kick/Chuberto
First 150 of 354 actions detected
| 0:02 | Create | Villager (Male) |
| 0:03 | Create | Villager (Male) |
| 0:03 | Build | House |
| 0:04 | Build | House |
| 0:06 | Build | House |
| 0:06 | Create | Villager (Male) |
| 0:06 | Create | Villager (Male) |
| 1:35 | Create | Villager (Male) |
| 1:35 | Create | Villager (Male) |
| 1:36 | Build | Mill |
| 2:04 | Create | Villager (Male) |
| 2:32 | Create | Villager (Male) |
| 3:01 | Create | Villager (Male) |
| 3:24 | Create | Villager (Male) |
| 3:24 | Create | Villager (Male) |
| 3:52 | Research | Loom |
| 4:24 | Create | Villager (Male) |
| 4:49 | Create | Villager (Male) |
| 5:12 | Create | Villager (Male) |
| 5:12 | Create | Villager (Male) |
| 5:13 | Create | Villager (Male) |
| 5:15 | Build | Lumber Camp |
| 6:03 | Create | Villager (Male) |
| 6:28 | Build | House |
| 6:50 | Create | Villager (Male) |
| 7:08 | Build | Mill |
| 7:37 | Create | Villager (Male) |
| 7:47 | Create | Villager (Male) |
| 7:47 | Create | Villager (Male) |
| 8:13 | Build | Mining Camp |
| 8:52 | Research | Feudal Age |
| 9:05 | Build | Farm |
| 9:08 | Build | Farm |
| 9:23 | Build | Farm |
| 9:27 | Build | Farm |
| 10:13 | Build | House |
| 10:14 | Build | House |
| 10:52 | Build | Palisade Wall |
| 10:56 | Build | Palisade Wall |
| 11:02 | Age | Feudal Age |
| 11:12 | Create | Villager (Male) |
| 11:42 | Build | Market |
| 11:47 | Create | Villager (Male) |
| 11:51 | Build | Palisade Wall |
| 11:57 | Build | House |
| 12:07 | Build | Palisade Wall |
| 12:26 | Build | House |
| 12:58 | Create | Villager (Male) |
| 13:07 | Build | Watch Tower |
| 13:16 | Build | Palisade Wall |
| 13:33 | Build | Blacksmith |
| 13:48 | Build | Stone Wall |
| 14:03 | Build | Palisade Wall |
| 14:08 | Build | Palisade Wall |
| 14:17 | Research | Castle Age |
| 14:25 | Build | Palisade Wall |
| 14:33 | Research | Fletching |
| 15:26 | Build | Farm |
| 15:29 | Create | Villager (Male) |
| 15:52 | Build | House |
| 16:57 | Age | Castle Age |
| 17:07 | Create | Villager (Male) |
| 17:49 | Build | Castle |
| 17:54 | Build | Mining Camp |
| 18:24 | Build | Stone Wall |
| 19:18 | Create | Conquistador |
| 19:18 | Create | Conquistador |
| 19:30 | Build | Farm |
| 19:49 | Build | Farm |
| 19:50 | Build | Farm |
| 19:51 | Create | Villager (Male) |
| 20:23 | Create | Conquistador |
| 20:44 | Build | Farm |
| 20:45 | Build | Farm |
| 20:48 | Build | Farm |
| 21:08 | Research | Bodkin Arrow |
| 21:20 | Build | Farm |
| 21:26 | Create | Villager (Male) |
| 21:40 | Build | Siege Workshop |
| 21:56 | Create | Conquistador |
| 22:03 | Build | Farm |
| 22:22 | Create | Battering Ram |
| 22:32 | Create | Villager (Male) |
| 22:44 | Create | Battering Ram |
| 22:56 | Create | Villager (Male) |
| 22:56 | Create | Villager (Male) |
| 23:21 | Create | Conquistador |
| 23:41 | Create | Conquistador |
| 24:01 | Create | Conquistador |
| 24:33 | Create | Conquistador |
| 24:36 | Create | Villager (Male) |
| 25:03 | Create | Conquistador |
| 25:08 | Build | Farm |
| 25:11 | Create | Villager (Male) |
| 25:34 | Create | Petard |
| 25:52 | Build | Farm |
| 25:55 | Create | Villager (Male) |
| 26:02 | Create | Villager (Male) |
| 26:24 | Create | Petard |
| 26:29 | Build | Farm |
| 26:47 | Research | Padded Archer Armor |
| 27:05 | Create | Conquistador |
| 27:09 | Build | Farm |
| 27:12 | Create | Villager (Male) |
| 27:33 | Research | Leather Archer Armor |
| 27:34 | Create | Villager (Male) |
| 27:40 | Build | Farm |
| 27:45 | Build | Farm |
| 27:45 | Build | Farm |
| 27:45 | Build | Farm |
| 27:45 | Build | Farm |
| 27:46 | Build | Farm |
| 27:46 | Build | Farm |
| 27:49 | Create | Villager (Male) |
| 28:05 | Create | Conquistador |
| 28:16 | Create | Villager (Male) |
| 28:59 | Create | Conquistador |
| 29:07 | Create | Villager (Male) |
| 29:12 | Build | Monastery |
| 29:13 | Create | Villager (Male) |
| 29:51 | Create | Villager (Male) |
| 29:52 | Create | Conquistador |
| 29:52 | Create | Conquistador |
| 30:02 | Create | Petard |
| 30:02 | Create | Petard |
| 30:13 | Research | Double-Bit Axe |
| 30:15 | Build | Lumber Camp |
| 30:19 | Research | Horse Collar |
| 30:27 | Create | Villager (Male) |
| 30:32 | Research | Wheelbarrow |
| 30:35 | Research | Gold Mining |
| 31:10 | Create | Missionary |
| 31:14 | Build | Farm |
| 31:18 | Build | House |
| 31:23 | Build | House |
| 31:48 | Create | Conquistador |
| 31:48 | Create | Conquistador |
| 32:56 | Create | Villager (Male) |
| 32:57 | Build | Barracks |
| 33:00 | Build | House |
| 33:01 | Build | House |
| 33:03 | Create | Missionary |
| 33:05 | Create | Villager (Male) |
| 33:08 | Build | Farm |
| 34:10 | Build | Stable |
| 34:11 | Create | Conquistador |
| 34:12 | Create | Conquistador |
| 34:59 | Create | Conquistador |
| 35:15 | Research | Husbandry |
| 35:27 | Build | Town Center |
Build order — SUNYQ
First 150 of 371 actions detected
| 0:01 | Create | Villager (Male) ×4 |
| 0:03 | Build | House |
| 0:04 | Build | House |
| 1:07 | Create | Villager (Male) |
| 1:57 | Create | Villager (Male) |
| 2:32 | Create | Villager (Male) |
| 2:32 | Create | Villager (Male) |
| 2:40 | Build | Lumber Camp |
| 2:44 | Create | Villager (Male) |
| 3:12 | Create | Villager (Male) |
| 3:12 | Create | Villager (Male) |
| 3:48 | Create | Villager (Male) |
| 3:48 | Create | Villager (Male) |
| 3:55 | Build | House |
| 4:20 | Create | Villager (Male) |
| 4:20 | Create | Villager (Male) |
| 4:35 | Create | Villager (Male) |
| 4:35 | Create | Villager (Male) |
| 4:44 | Build | Mill |
| 5:07 | Create | Villager (Male) |
| 5:37 | Build | House |
| 5:38 | Build | House |
| 5:43 | Create | Villager (Male) |
| 6:03 | Build | Mill |
| 6:23 | Build | Mining Camp |
| 6:39 | Create | Villager (Male) |
| 6:57 | Create | Villager (Male) |
| 7:26 | Create | Villager (Male) |
| 7:42 | Create | Villager (Male) |
| 8:22 | Create | Villager (Male) |
| 8:32 | Create | Villager (Male) |
| 9:12 | Create | Villager (Male) |
| 9:39 | Build | Farm |
| 9:40 | Build | Farm |
| 9:41 | Build | Farm |
| 9:42 | Build | Farm |
| 9:44 | Research | Feudal Age |
| 9:52 | Build | Farm |
| 9:53 | Build | Farm |
| 10:07 | Build | House |
| 10:09 | Build | House |
| 10:41 | Build | Farm |
| 10:45 | Build | Farm |
| 10:54 | Build | Farm |
| 11:35 | Create | Villager (Male) |
| 11:36 | Create | Villager (Male) |
| 11:54 | Age | Feudal Age |
| 12:09 | Build | Blacksmith |
| 12:16 | Build | Market |
| 12:24 | Create | Villager (Male) |
| 12:42 | Build | Mining Camp |
| 13:13 | Research | Castle Age |
| 13:14 | Research | Castle Age |
| 13:43 | Research | Stone Mining |
| 13:50 | Research | Double-Bit Axe |
| 13:50 | Research | Double-Bit Axe |
| 15:15 | Research | Horse Collar |
| 15:53 | Age | Castle Age |
| 15:54 | Create | Villager (Male) |
| 15:54 | Create | Villager (Male) |
| 15:55 | Create | Villager (Male) |
| 16:11 | Build | Town Center |
| 16:50 | Build | House |
| 16:51 | Build | House |
| 16:52 | Build | House |
| 16:53 | Build | House |
| 17:03 | Create | Villager (Male) |
| 17:04 | Create | Villager (Male) |
| 17:10 | Research | Gold Mining |
| 17:10 | Research | Stone Shaft Mining |
| 17:53 | Build | Castle |
| 17:59 | Build | Farm |
| 18:02 | Create | Villager (Male) |
| 18:02 | Create | Villager (Male) |
| 18:02 | Create | Villager (Male) |
| 18:02 | Create | Villager (Male) |
| 18:48 | Create | Villager (Male) |
| 18:48 | Create | Villager (Male) |
| 18:48 | Create | Villager (Male) |
| 18:49 | Create | Villager (Male) |
| 18:50 | Build | Farm |
| 18:53 | Build | Farm |
| 18:56 | Research | Wheelbarrow |
| 19:26 | Build | Farm |
| 19:30 | Create | Villager (Male) |
| 19:30 | Create | Villager (Male) |
| 19:31 | Create | Villager (Male) |
| 19:34 | Build | Farm |
| 19:50 | Create | Gbeto ×2 |
| 20:02 | Build | Siege Workshop |
| 20:15 | Create | Gbeto |
| 20:19 | Build | Farm |
| 20:20 | Build | Farm |
| 20:28 | Create | Villager (Male) |
| 20:28 | Create | Villager (Male) |
| 20:55 | Create | Villager (Male) |
| 20:55 | Create | Villager (Male) |
| 20:56 | Create | Gbeto |
| 21:02 | Build | Farm |
| 21:09 | Build | Farm |
| 21:15 | Create | Villager (Male) |
| 21:17 | Create | Gbeto |
| 21:24 | Create | Gbeto |
| 21:39 | Build | Farm |
| 21:41 | Create | Villager (Male) |
| 21:50 | Create | Villager (Male) |
| 21:51 | Create | Villager (Male) |
| 22:00 | Build | Lumber Camp |
| 22:08 | Build | Farm |
| 22:14 | Create | Battering Ram |
| 22:17 | Create | Villager (Male) |
| 22:19 | Create | Villager (Male) |
| 22:31 | Create | Villager (Male) |
| 22:33 | Create | Gbeto |
| 22:37 | Research | Scale Mail Armor |
| 22:42 | Create | Villager (Male) |
| 22:49 | Build | Farm |
| 22:53 | Build | Farm |
| 22:54 | Create | Villager (Male) |
| 23:01 | Build | Farm |
| 23:14 | Create | Battering Ram |
| 23:16 | Create | Gbeto |
| 23:17 | Create | Gbeto |
| 23:22 | Create | Villager (Male) |
| 23:22 | Create | Villager (Male) |
| 23:37 | Build | Lumber Camp |
| 23:41 | Create | Villager (Male) |
| 23:41 | Create | Villager (Male) |
| 23:46 | Create | Gbeto |
| 24:02 | Create | Gbeto |
| 24:05 | Research | Forging |
| 24:08 | Create | Villager (Male) |
| 24:08 | Create | Villager (Male) |
| 24:11 | Build | Farm |
| 24:15 | Build | Farm |
| 24:20 | Build | Farm |
| 24:23 | Build | Farm |
| 24:24 | Create | Villager (Male) |
| 24:25 | Create | Villager (Male) |
| 24:26 | Create | Gbeto |
| 24:26 | Create | Gbeto |
| 24:28 | Create | Battering Ram |
| 24:41 | Create | Villager (Male) |
| 24:54 | Build | Farm |
| 24:59 | Research | Town Watch |
| 25:00 | Create | Gbeto |
| 25:01 | Create | Gbeto |
| 25:04 | Create | Battering Ram |
| 25:13 | Create | Gbeto |
| 25:19 | Research | Chain Mail Armor |
Build order — Savmo
First 150 of 509 actions detected
| 0:04 | Build | House |
| 0:09 | Build | House |
| 0:14 | Create | Villager (Male) |
| 0:14 | Create | Villager (Male) |
| 0:14 | Create | Villager (Male) |
| 0:14 | Create | Villager (Male) |
| 0:15 | Create | Villager (Male) |
| 1:29 | Create | Villager (Male) |
| 2:03 | Create | Villager (Male) |
| 2:04 | Create | Villager (Male) |
| 2:17 | Create | Villager (Male) |
| 2:18 | Create | Villager (Male) |
| 2:53 | Build | House |
| 2:58 | Create | Villager (Male) |
| 2:59 | Create | Villager (Male) |
| 3:39 | Create | Villager (Male) ×2 |
| 4:04 | Build | Mill |
| 4:23 | Create | Villager (Male) |
| 4:24 | Create | Villager (Male) |
| 4:48 | Create | Villager (Male) |
| 5:08 | Build | Lumber Camp |
| 5:20 | Create | Villager (Male) |
| 5:20 | Create | Villager (Male) |
| 5:46 | Create | Villager (Male) |
| 5:58 | Build | House |
| 6:16 | Create | Villager (Male) |
| 6:36 | Create | Villager (Male) |
| 7:42 | Create | Villager (Male) |
| 7:50 | Build | Mining Camp |
| 7:59 | Research | Feudal Age |
| 9:05 | Build | Farm |
| 9:06 | Build | Farm |
| 9:15 | Build | House |
| 9:23 | Build | House |
| 9:40 | Build | House |
| 9:42 | Build | House |
| 9:43 | Build | House |
| 10:05 | Build | Farm |
| 10:19 | Age | Feudal Age |
| 10:23 | Create | Villager (Male) |
| 10:24 | Create | Villager (Male) |
| 10:31 | Build | Market |
| 10:41 | Build | Farm |
| 10:43 | Build | Farm |
| 10:54 | Create | Villager (Male) |
| 11:22 | Build | Blacksmith |
| 11:31 | Create | Villager (Male) |
| 11:42 | Build | Farm |
| 11:56 | Create | Villager (Male) |
| 11:58 | Build | Farm |
| 12:01 | Research | Loom |
| 12:18 | Build | Farm |
| 12:18 | Create | Villager (Male) |
| 12:51 | Research | Castle Age |
| 12:51 | Research | Castle Age |
| 13:12 | Research | Double-Bit Axe |
| 13:57 | Create | Villager (Male) |
| 13:57 | Create | Villager (Male) |
| 14:01 | Build | House |
| 14:02 | Build | House |
| 14:08 | Create | Villager (Male) |
| 14:54 | Research | Horse Collar |
| 15:34 | Age | Castle Age |
| 15:37 | Build | Town Center |
| 15:40 | Build | Town Center |
| 15:46 | Research | Bow Saw |
| 16:06 | Build | Siege Workshop |
| 16:17 | Build | Siege Workshop |
| 16:19 | Create | Villager (Male) |
| 16:40 | Research | Heavy Plow |
| 17:19 | Create | Villager (Male) |
| 17:19 | Create | Villager (Male) |
| 17:24 | Create | Villager (Male) |
| 17:24 | Create | Villager (Male) |
| 17:27 | Build | Farm |
| 17:33 | Build | Farm |
| 17:34 | Build | Farm |
| 17:40 | Build | Farm |
| 17:42 | Create | Villager (Male) |
| 17:42 | Create | Villager (Male) |
| 17:48 | Create | Villager (Male) |
| 17:49 | Create | Villager (Male) |
| 17:57 | Build | Mill |
| 18:00 | Build | Farm |
| 18:00 | Build | Farm |
| 18:01 | Build | Farm |
| 18:01 | Build | Farm |
| 18:01 | Build | Farm |
| 18:07 | Build | Farm |
| 18:08 | Build | Farm |
| 18:15 | Build | Outpost |
| 18:18 | Build | Outpost |
| 18:19 | Create | Villager (Male) |
| 18:19 | Create | Villager (Male) |
| 18:32 | Create | Villager (Male) |
| 18:32 | Create | Villager (Male) |
| 18:36 | Build | Farm |
| 18:38 | Build | Farm |
| 18:38 | Build | Farm |
| 18:41 | Create | Villager (Male) |
| 18:41 | Create | Villager (Male) |
| 18:47 | Build | Farm |
| 18:51 | Create | Villager (Male) |
| 18:51 | Create | Villager (Male) |
| 18:57 | Build | House |
| 18:57 | Build | House |
| 18:59 | Build | House |
| 19:00 | Build | House |
| 19:04 | Build | House |
| 19:05 | Build | House |
| 19:13 | Create | Villager (Male) |
| 19:13 | Create | Villager (Male) |
| 19:18 | Build | Farm |
| 19:25 | Build | Lumber Camp |
| 19:31 | Build | Outpost |
| 19:33 | Build | Outpost |
| 19:34 | Research | Town Watch |
| 19:34 | Create | Villager (Male) |
| 19:34 | Research | Town Watch |
| 19:34 | Create | Villager (Male) |
| 19:40 | Build | Farm |
| 19:41 | Build | Farm |
| 19:48 | Build | Farm |
| 19:49 | Build | Farm |
| 19:50 | Build | Farm |
| 19:57 | Create | Villager (Male) |
| 19:57 | Create | Villager (Male) |
| 19:58 | Create | Villager (Male) |
| 19:58 | Create | Villager (Male) |
| 20:01 | Create | Villager (Male) |
| 20:01 | Create | Villager (Male) |
| 20:25 | Create | Villager (Male) |
| 20:25 | Create | Villager (Male) |
| 20:25 | Create | Villager (Male) |
| 20:25 | Create | Villager (Male) |
| 20:26 | Create | Villager (Male) |
| 20:34 | Build | Outpost |
| 20:36 | Create | Villager (Male) |
| 20:36 | Create | Villager (Male) |
| 20:43 | Build | Farm |
| 20:45 | Build | Farm |
| 20:48 | Create | Villager (Male) |
| 20:48 | Create | Villager (Male) |
| 20:48 | Create | Villager (Male) |
| 20:49 | Create | Villager (Male) |
| 20:55 | Build | Town Center |
| 21:03 | Build | Town Center |
| 21:10 | Create | Villager (Male) |
| 21:10 | Create | Villager (Male) |
| 21:11 | Create | Villager (Male) |
Match timeline
| 8:32 | [BY] Saimon845 · age_up feudal |
| 9:11 | CTM | chiwire · wall_segment Palisade Wall x6 |
| 9:41 | PSX | King · age_up feudal |
| 10:02 | BiduZera_ · age_up feudal |
| 10:10 | CTM | chiwire · age_up feudal |
| 10:15 | CTM | Que paso perrito? · age_up feudal |
| 10:19 | Savmo · age_up feudal |
| 10:22 | CTM | chiwire · wall_segment Palisade Wall x4 |
| 10:52 | kick/Chuberto · wall_segment Palisade Wall x5 |
| 10:56 | kick/Chuberto · wall_segment Palisade Wall x8 |
| 11:02 | kick/Chuberto · age_up feudal |
| 11:25 | CTM | chiwire · first_market_sell 100 stone |
| 11:51 | kick/Chuberto · wall_segment Palisade Wall x1 |
| 11:54 | SUNYQ · age_up feudal |
| 12:07 | kick/Chuberto · wall_segment Palisade Wall x8 |
| 13:16 | kick/Chuberto · wall_segment Palisade Wall x11 |
| 13:20 | CTM | Que paso perrito? · age_up castle |
| 13:39 | BiduZera_ · first_building Barracks |
| 13:44 | kick/Chuberto · first_market_sell 100 stone |
| 13:48 | kick/Chuberto · wall_segment Stone Wall x1 |
| 14:03 | kick/Chuberto · wall_segment Palisade Wall x1 |
| 14:08 | kick/Chuberto · wall_segment Palisade Wall x1 |
| 14:25 | kick/Chuberto · wall_segment Palisade Wall x1 |
| 14:31 | BiduZera_ · age_up castle |
| 14:32 | CTM | chiwire · age_up castle |
| 14:39 | BiduZera_ · first_building Stable |
| 15:34 | Savmo · age_up castle |
| 15:53 | SUNYQ · age_up castle |
| 16:00 | CTM | chiwire · first_building Castle |
| 16:06 | Savmo · first_building Siege Workshop |
| 16:57 | kick/Chuberto · age_up castle |
| 16:58 | [BY] Saimon845 · wall_segment Palisade Wall x1 |
| 17:01 | [BY] Saimon845 · wall_segment Palisade Wall x1 |
| 17:01 | [BY] Saimon845 · wall_segment Palisade Wall x1 |
| 17:02 | [BY] Saimon845 · wall_segment Palisade Wall x1 |
| 17:02 | [BY] Saimon845 · wall_segment Palisade Wall x1 |
| 17:03 | [BY] Saimon845 · wall_segment Palisade Wall x1 |
| 17:05 | [BY] Saimon845 · wall_segment Palisade Wall x1 |
| 17:06 | [BY] Saimon845 · wall_segment Palisade Wall x1 |
| 17:09 | [BY] Saimon845 · wall_segment Palisade Wall x1 |
| 17:10 | [BY] Saimon845 · wall_segment Palisade Wall x1 |
| 17:10 | [BY] Saimon845 · wall_segment Palisade Wall x1 |
| 17:11 | [BY] Saimon845 · wall_segment Palisade Wall x1 |
| 17:11 | kick/Chuberto · first_market_buy 100 stone |
| 17:12 | [BY] Saimon845 · wall_segment Palisade Wall x1 |
| 17:13 | [BY] Saimon845 · wall_segment Palisade Wall x1 |
| 17:49 | kick/Chuberto · first_building Castle |
| 17:50 | CTM | chiwire · first_building Monastery |
| 17:53 | SUNYQ · first_building Castle |
| 18:17 | PSX | King · first_market_buy 100 food |
| 18:17 | PSX | King · first_market_sell 100 stone |
| 18:24 | kick/Chuberto · wall_segment Stone Wall x1 |
| 20:02 | SUNYQ · first_building Siege Workshop |
| 20:05 | [BY] Saimon845 · wall_segment Palisade Wall x1 |
| 20:06 | [BY] Saimon845 · wall_segment Palisade Wall x1 |
| 20:06 | [BY] Saimon845 · wall_segment Palisade Wall x1 |
| 20:07 | [BY] Saimon845 · wall_segment Palisade Wall x1 |
| 20:07 | [BY] Saimon845 · wall_segment Palisade Wall x1 |
| 20:46 | CTM | chiwire · first_building Siege Workshop |
| 21:05 | PSX | King · age_up castle |
| 21:40 | kick/Chuberto · first_building Siege Workshop |
| 21:46 | BiduZera_ · first_building Monastery |
| 23:33 | [BY] Saimon845 · first_building Siege Workshop |
| 24:28 | CTM | Que paso perrito? · first_building Barracks |
| 24:39 | PSX | King · first_building Siege Workshop |
| 25:03 | CTM | Que paso perrito? · first_building Stable |
| 25:06 | Savmo · first_building Barracks |
| 25:35 | [BY] Saimon845 · first_building Barracks |
| 25:37 | PSX | King · first_building Barracks |
| 25:54 | Savmo · first_building Monastery |
| 26:17 | [BY] Saimon845 · first_building Stable |
| 26:27 | Savmo · first_building Castle |
| 26:48 | [BY] Saimon845 · age_up castle |
| 27:10 | CTM | Que paso perrito? · first_building Castle |
| 28:52 | CTM | Que paso perrito? · age_up imperial |
| 29:12 | kick/Chuberto · first_building Monastery |
| 29:37 | [BY] Saimon845 · first_building Castle |
| 29:39 | CTM | chiwire · first_market_buy 100 wood |
| 29:50 | Savmo · first_building Stable |
| 29:51 | Savmo · first_building Archery Range |
| 29:56 | [BY] Saimon845 · first_building Monastery |
| 30:09 | BiduZera_ · age_up imperial |
| 30:40 | PSX | King · wall_segment Stone Wall x1 |
| 31:19 | Savmo · wall_segment Stone Wall x15 |
| 31:23 | Savmo · age_up imperial |
| 31:44 | [BY] Saimon845 · first_market_buy 100 stone |
| 32:42 | PSX | King · first_building Archery Range |
| 32:57 | kick/Chuberto · first_building Barracks |
| 33:15 | SUNYQ · first_building Barracks |
| 33:20 | CTM | Que paso perrito? · first_building Monastery |
| 33:30 | SUNYQ · age_up imperial |
| 33:42 | [BY] Saimon845 · age_up imperial |
| 33:46 | Savmo · first_market_sell 500 wood |
| 33:49 | [BY] Saimon845 · first_market_sell 100 food |
| 33:52 | CTM | Que paso perrito? · first_market_sell 100 food |
| 34:10 | kick/Chuberto · first_building Stable |
| 34:13 | PSX | King · wall_segment Stone Wall x1 |
| 34:40 | BiduZera_ · first_building Castle |
| 35:46 | SUNYQ · first_building Stable |
| 36:08 | CTM | Que paso perrito? · tribute_sent a jugador 1 |
| 36:08 | CTM | Que paso perrito? · tribute_sent a jugador 2 |
| 36:08 | CTM | Que paso perrito? · tribute_sent a jugador 3 |
| 36:08 | CTM | Que paso perrito? · tribute_sent a jugador 4 |
| 36:08 | CTM | Que paso perrito? · tribute_sent a jugador 5 |
| 36:08 | CTM | Que paso perrito? · tribute_sent a jugador 6 |
| 36:08 | CTM | Que paso perrito? · tribute_sent a jugador 7 |
| 36:35 | CTM | chiwire · first_building Barracks |
| 37:31 | BiduZera_ · first_building Archery Range |
| 38:19 | Savmo · first_market_buy 100 wood |
| 39:46 | CTM | chiwire · age_up imperial |
| 39:55 | [BY] Saimon845 · wall_segment Palisade Wall x1 |
| 39:56 | [BY] Saimon845 · wall_segment Palisade Wall x1 |
| 39:59 | [BY] Saimon845 · wall_segment Palisade Wall x1 |
| 39:59 | kick/Chuberto · age_up imperial |
| 40:41 | SUNYQ · tribute_sent a jugador 1 |
| 40:41 | SUNYQ · tribute_sent a jugador 2 |
| 40:41 | SUNYQ · tribute_sent a jugador 3 |
| 40:41 | SUNYQ · tribute_sent a jugador 4 |
| 40:41 | SUNYQ · tribute_sent a jugador 5 |
| 40:41 | SUNYQ · tribute_sent a jugador 7 |
| 40:41 | SUNYQ · tribute_sent a jugador 8 |
| 42:59 | CTM | Que paso perrito? · wall_segment Stone Wall x1 |
| 43:00 | CTM | Que paso perrito? · wall_segment Stone Wall x1 |
| 43:02 | CTM | Que paso perrito? · wall_segment Stone Wall x1 |
| 43:20 | CTM | Que paso perrito? · wall_segment Stone Wall x1 |
| 44:15 | CTM | Que paso perrito? · wall_segment Stone Wall x6 |
| 45:12 | PSX | King · tribute_sent a jugador 1 |
| 45:12 | PSX | King · tribute_sent a jugador 2 |
| 45:12 | PSX | King · tribute_sent a jugador 3 |
| 45:12 | PSX | King · tribute_sent a jugador 5 |
| 45:12 | PSX | King · tribute_sent a jugador 6 |
| 45:12 | PSX | King · tribute_sent a jugador 7 |
| 45:12 | PSX | King · tribute_sent a jugador 8 |
| 48:26 | CTM | chiwire · first_building Stable |
| 48:44 | CTM | Que paso perrito? · first_building Siege Workshop |
| 49:32 | CTM | Que paso perrito? · wall_segment Stone Wall x6 |
| 49:48 | CTM | Que paso perrito? · wall_segment Stone Wall x7 |
| 49:51 | CTM | Que paso perrito? · wall_segment Stone Wall x7 |
| 50:04 | CTM | Que paso perrito? · resign |
[ AI ANALYSIS · 1 CREDIT ]
What really happened in this match?
Wolo.gg analyzes every decision: build order, eco, micro, common mistakes by bracket. Personalized analysis on WhatsApp or Discord in 30 seconds.
Civ guide
Khmer
Perfil
CTM | Que paso perrito?